 Dungeon Crawl Stone Soup version 0.29-a0-378-gc08b2e8bf8 (webtiles) character file.

Game seed: 893968926456212513

10673 rgsnl the Covert (level 11, -5/53 HPs)
             Began as a Spriggan Enchanter on May 4, 2022.
             Was a Believer of Dithmenos.
             Slain by a boulder beetle (49 damage)
             ... on level 11 of the Dungeon.
             The game lasted 00:46:12 (14030 turns).

rgsnl the Covert (Spriggan Enchanter)              Turns: 14030, Time: 00:46:13

Health: -5/53      AC:  5    Str: 14    XL:     11   Next: 39%
Magic:  17/24      EV: 20    Int: 18    God:    Dithmenos [**....]
Gold:   1671       SH:  0    Dex: 15    Spells: 21/32 levels left

rFire   + . .      SeeInvis +   A - +2 dagger (protect)
rCold   . . .      Faith    .   (no shield)
rNeg    + . .      Spirit   .   H - +1 steam dragon scales
rPois   .          Reflect  .   (helmet restricted)
rElec   .          Harm     .   d - +1 cloak
rCorr   .          Rampage  .   (gloves unavailable)
Will    +....                   (boots unavailable)
Stlth   +++++++...              s - amulet of magic regeneration
HPRegen 0.17/turn               q - +6 ring of strength
MPRegen 0.59/turn               x - ring "Kixecast" {rF+ rN+}

@: wreathed by umbra, unable to read, very quick
A: very small, no large weapons, unfitting armour, see invisible, speed 3,
deformed body, low MP 1, inability to read while threatened
a: Renounce Religion, Shadow Step


You were on level 11 of the Dungeon.
You worshipped Dithmenos.
Dithmenos was pleased with you.
You visited 2 branches of the dungeon, and saw 12 of its levels.

You collected 1671 gold pieces.

Inventory:

Hand Weapons
 a - a +1 dagger
 b - a +2 dagger of holy wrath
 A - a +2 dagger of protection (weapon)
 D - a +3 dagger of holy wrath
 G - a +4 dagger of chaos
Missiles
 l - 17 poisoned darts (quivered)
 y - a throwing net
Armour
 d - a +1 cloak (worn)
 f - the +5 buckler "Peyn" {*Corrode rF+++ Dex+2 Slay+3}
   (You acquired it on level 1 of the Dungeon)

   Dex:       It affects your dexterity (+2).
   Slay:      It affects your accuracy & damage with ranged weapons and melee
   (+3).
   rF:        It renders you almost immune to fire.
   *Corrode:  It may corrode you when you take damage.
 z - a +0 robe of positive energy
 F - a +1 robe of willpower
 H - +1 steam dragon scales (worn)
Jewellery
 o - a ring of positive energy
 q - a +6 ring of strength (left hand)
 s - an amulet of magic regeneration (around neck)
 t - a ring of protection from cold
 x - the ring "Kixecast" (right hand) {rF+ rN+}
   (You found it on level 11 of the Dungeon)

   [ring of protection from fire]

   rF:        It protects you from fire.
   rN:        It protects you from negative energy.
 E - a ring of protection from cold
 L - a ring of wizardry
Wands
 k - a wand of flame (62)
 n - a wand of iceblast (9)
 u - a wand of polymorph (2)
Scrolls
 h - 2 scrolls of fog
 i - 5 scrolls of teleportation
 r - 2 scrolls of immolation
 v - 5 scrolls of blinking
Potions
 c - 2 potions of invisibility
 e - 4 potions of lignification
 g - a potion of resistance
 j - a potion of degeneration {unknown}
 w - 3 potions of flight
 B - a potion of ambrosia
 C - a potion of berserk rage
 I - a potion of haste
 J - a potion of magic
 K - 2 potions of curing
Miscellaneous
 p - a tin of tremorstones (2/2)


   Skills:
 + Level 3.9 Fighting
 + Level 5.4 Short Blades
 + Level 7.0 Dodging
 + Level 13.6 Stealth
 - Level 2.4 Shields
 + Level 11.2 Spellcasting
 + Level 11.7 Hexes


You had 21 spell levels left.
You knew the following spells:

 Your Spells              Type           Power      Damage    Failure   Level
a - Ensorcelled Hibernat  Hex/Ice        62%        N/A       1%          2
b - Tukima's Dance        Hex            51%        N/A       1%          3
c - Dazzling Flash        Conj/Hex       62%        N/A       1%          3
d - Confusing Touch       Hex            51%        N/A       1%          3

Your spell library contained the following spells:

 Spells                   Type           Power      Damage    Failure   Level
 Corpse Rot               Necr/Air       20%        N/A       11%         2
 Poisonous Vapours        Pois/Air       20%        N/A       11%         2
 Silence                  Hex/Air        15%        N/A       17%         5
 Ozocubu's Armour         Ice            10%        N/A       22%         3
 Dispel Undead            Necr           10%        3d9       56%         4
 Agony                    Necr           10%        N/A       89%         5
 Death Channel            Necr           5%         N/A       100%        6
 Ozocubu's Refrigeration  Ice            5%         4d6       100%        7


Dungeon Overview and Level Annotations

Branches:
Dungeon (11/15)            Temple (1/1) D:7
   Lair: D:8-11         Orc: D:9-12

Altars:
Ashenzari
Cheibriados
Dithmenos
Elyvilon
Fedhas
Gozag
Hepliaklqana
Kikubaaqudgha
Makhleb
Nemelex Xobeh
Okawaru
Qazlal
Ru
Sif Muna
Trog
Uskayaw
Vehumet
Wu Jian
Xom
Yredelemnul
Zin
The Shining One

Portals:
Abyss: D:10

Annotations:
D:10 2 transporters, zorge82's ghost, journeyman GnMo


Innate Abilities, Weirdness & Mutations

You are very small and have problems with some larger weapons.
You are too small for most types of armour.
You have supernaturally acute eyesight. (SInv)
You cover ground extremely quickly. (Speed+++)
Armour fits poorly on your strangely shaped body.
Your magical capacity is low. (-10% MP)
You sometimes lose the ability to read scrolls when taking damage.


Message History

Dithmenos accepts your kill.
K - 2 potions of curing (gained 1)
You see here a +0 shortbow.
Casting: Confusing Touch (safe; 1% risk of failure)
Confirm with . or Enter, or press ? or * to list all spells.
Aiming: Ensorcelled Hibernation (safe; 1% risk of failure)
Press: ? - help, Shift-Dir - straight line, f - boulder beetle
Aim: a boulder beetle (wandering, hasn't noticed you, chance to affect: 43%)
The boulder beetle resists with some effort.
The boulder beetle curls into a ball and begins rolling!
Unknown command.
Casting: Ensorcelled Hibernation (safe; 1% risk of failure)
Confirm with . or Enter, or press ? or * to list all spells.
Aiming: Ensorcelled Hibernation (safe; 1% risk of failure)
Press: ? - help, Shift-Dir - straight line, f/p - boulder beetle
Aim: a boulder beetle (rolling, chance to affect: 43%)
The boulder beetle resists with some effort.
Casting: Ensorcelled Hibernation (safe; 1% risk of failure)
Confirm with . or Enter, or press ? or * to list all spells.
Aiming: Ensorcelled Hibernation (safe; 1% risk of failure)
Press: ? - help, Shift-Dir - straight line, f/p - boulder beetle
Aim: a boulder beetle (rolling, chance to affect: 43%)
The boulder beetle resists with some effort.
Casting: Ensorcelled Hibernation (safe; 1% risk of failure)
Confirm with . or Enter, or press ? or * to list all spells.
Aiming: Ensorcelled Hibernation (safe; 1% risk of failure)
Press: ? - help, Shift-Dir - straight line, f/p - boulder beetle
Aim: a boulder beetle (rolling, chance to affect: 43%)
The boulder beetle resists with some effort.
Unknown command.
Casting: Ensorcelled Hibernation (safe; 1% risk of failure)
Confirm with . or Enter, or press ? or * to list all spells.
Aiming: Ensorcelled Hibernation (safe; 1% risk of failure)
Press: ? - help, Shift-Dir - straight line, f/p - boulder beetle
Aim: a boulder beetle (rolling, umbra, chance to affect: 43%)
The boulder beetle resists with some effort.
The boulder beetle hits you!!!
You feel threatened and lose the ability to read scrolls!
Ouch! That really hurt!
You die...

.#.. ...# .. #..# ### .
# #..## #.# .##.. ##...#
#.##..... #..#.###
###.#°..... ####......#
#...°...# #....#.##.#
#.#B..#
#.####....###.@..# #.#
###..##.)##.##
#.######..†...##..# #
#.#..†.....##.# #†##.#
###...##)†......# #....#
....####..)).######.####
###.# ##..).)###...).#
#.###....†<....###.##
###.##..#...###### #..#


You could see a boulder beetle (rolling).

Vanquished Creatures
  Gastronok (D:8)
  A boulder beetle (D:11)
  A centaur warrior (D:9)
  2 gargoyles
  Psyche (D:8)
  3 meliai (D:9)
  2 hornets
  4 slime creatures (D:10)
  A wraith (D:11)
  2 wyverns
  A yak (D:11)
  3 steam dragons
  3 acid dragons
  2 water moccasins (D:6)
  3 ice beasts
  2 orc warriors
  2 black bears (D:4)
  3 ogres
  7 centaurs
  A kobold brigand (D:6)
  A phantom (D:6)
  2 gnoll sergeants
  2 bullfrogs
  3 necrophages
  2 scorpions
  A wight (D:8)
  9 killer bees (D:8)
  2 electric eels (D:9)
  3 howler monkeys
  6 orc priests
  5 hounds
  2 jellies (D:7)
  3 gnoll shamans
  Terence (D:2)
  8 orc wizards
  4 iguanas
  3 adders
  13 gnolls
  An ufetubus (D:4)
  A worm (D:2)
  7 dart slugs
  36 orcs
  5 ball pythons
  8 endoplasms
  3 giant cockroaches (D:1)
  4 hobgoblins
  9 jackals
  5 quokkas
  2 bats (D:1)
  3 frilled lizards (D:1)
  6 goblins
  15 kobolds
  3 rats
223 creatures vanquished.

Vanquished Creatures (collateral kills)
  An ogre (D:7)
  3 wights (D:8)
  A gnoll shaman (D:6)
  13 gnolls
  An adder (D:2)
  3 orcs (D:4)
  A bat (D:2)
  A rat (D:2)
24 creatures vanquished.

Vanquished Creatures (others)
  6 dancing weapons
  An orc wizard (D:9)
  A kobold (D:6)
  5 fungi (D:11)
  57 plants (D:9)
70 creatures vanquished.

Grand Total: 317 creatures vanquished

Notes
Turn   | Place    | Note
-------+----------+-------------------------------------------
     0 | D:1      | rgsnl the Spriggan Enchanter began the quest for the Orb.
     0 | D:1      | Reached XP level 1. HP: 9/9 MP: 5/5
   173 | D:1      | Reached XP level 2. HP: 13/13 MP: 7/7
   176 | D:1      | Learned a level 2 spell: Ensorcelled Hibernation
   231 | D:1      | Found a faded altar of an unknown god.
   247 | D:1      | Identified a scroll of acquirement
   247 | D:1      | Acquired the +5 buckler "Peyn" {*Corrode rF+++ Dex+2
                  | Slay+3}
   755 | D:1      | Reached XP level 3. HP: 16/16 MP: 9/9
   759 | D:1      | Learned a level 3 spell: Tukima's Dance
   763 | D:1      | Learned a level 3 spell: Confusing Touch
  1281 | D:2      | Noticed Terence
  1710 | D:1      | Reached skill level 5 in Hexes
  1710 | D:1      | Reached XP level 4. HP: 21/21 MP: 7/11
  1757 | D:2      | Killed Terence
  2217 | D:3      | Found a stormy altar of Qazlal.
  2627 | D:2      | Acquired 1137 gold pieces
  2639 | D:3      | Reached XP level 5. HP: 19/24 MP: 2/13
  2838 | D:3      | Reached skill level 5 in Spellcasting
  3324 | D:4      | Reached skill level 5 in Stealth
  3355 | D:4      | Noticed an ogre
  3409 | D:4      | Killed an ogre
  3410 | D:4      | Reached XP level 6. HP: 28/28 MP: 2/15
  3944 | D:4      | Reached skill level 6 in Stealth
  4150 | D:4      | Reached skill level 1 in Shields
  4412 | D:4      | Reached XP level 7. HP: 32/32 MP: 8/17
  4662 | D:5      | Entered Level 5 of the Dungeon
  5074 | D:5      | Identified the +8 great sword of Uncomfortable Rashes
                  | {freeze, Int+5 Stlth-}
  5093 | D:5      | Reached skill level 7 in Stealth
  5839 | D:5      | Reached XP level 8. HP: 35/36 MP: 8/19
  6553 | D:6      | Reached skill level 8 in Stealth
  6964 | D:6      | Reached skill level 9 in Stealth
  7271 | D:6      | Reached XP level 9. HP: 23/39 MP: 12/22
  7407 | D:6      | Reached skill level 10 in Stealth
  7484 | D:6      | Learned a level 3 spell: Dazzling Flash
  8358 | D:7      | Reached skill level 11 in Stealth
  8633 | D:7      | Found a staircase to the Ecumenical Temple.
  8640 | Temple   | Entered the Ecumenical Temple
  8813 | Temple   | Became a worshipper of Dithmenos the Shadowed
  9473 | D:8      | Reached skill level 10 in Hexes
  9682 | D:8      | Reached skill level 1 in Fighting
 10166 | D:8      | Reached skill level 10 in Spellcasting
 10290 | D:8      | Noticed Gastronok
 10320 | D:8      | Killed Gastronok
 10321 | D:8      | Reached skill level 12 in Stealth
 10321 | D:8      | Reached XP level 10. HP: 46/46 MP: 23/25
 10340 | D:8      | Noticed Psyche
 10357 | D:8      | Killed Psyche
 10585 | D:8      | Gained mutation: Your magical capacity is low. (-10% MP)
                  | [potion of mutation]
 10585 | D:8      | Gained mutation: You sometimes lose the ability to read
                  | scrolls when taking damage. [potion of mutation]
 10585 | D:8      | Gained mutation: Armour fits poorly on your strangely
                  | shaped body. [potion of mutation]
 10824 | D:8      | Reached skill level 5 in Dodging
 11256 | D:9      | Noticed a gargoyle
 11268 | D:9      | Killed a gargoyle
 11961 | D:9      | Noticed a centaur warrior
 11973 | D:9      | Killed a centaur warrior
 12351 | D:9      | Reached skill level 13 in Stealth
 12496 | D:9      | Paralysed by a hornet for 2 turns
 12510 | D:9      | Reached XP level 11. HP: 30/52 MP: 19/24
 12812 | D:10     | Entered Level 10 of the Dungeon
 12868 | D:10     | Found a one-way gate to the infinite horrors of the Abyss.
 12868 | D:10     | Noticed zorge82's ghost (journeyman GnMo)
 12883 | D:10     | Reached * piety under Dithmenos
 13180 | D:10     | Found a transporter.
 13198 | D:10     | Found a transporter.
 13201 | D:10     | Noticed a glowing orange brain
 13428 | D:10     | Reached skill level 5 in Short Blades
 13861 | D:11     | Identified the ring "Kixecast" {rF+ rN+}
 13984 | D:11     | Noticed a boulder beetle
 14006 | D:11     | Killed a boulder beetle
 14006 | D:11     | Reached ** piety under Dithmenos
 14017 | D:11     | Noticed a boulder beetle
 14030 | D:11     | Slain by a boulder beetle

Illustrated notes

Levels and vault maps discovered:
D:1:      enne_arrival_octagon_isle, layout_loops_ring,
          hellmonk_ecumenical_altar_inner_sanctum, corexii_corridor_pit,
          kennysheep_pointless_box, minmay_pentomino_q4
D:2:      layout_rooms, hangedman_abyss_or_decor_stabs, uniq_terence
D:3:      layout_basic, mainiacjoe_overflow_catwalk, kennysheep_generic_room_14
D:4:      layout_loops_ring, minmay_statues_item
D:5:      layout_basic, kennysheep_generic_room_3
D:6:      layout_cave_pools, bh_walls_and_bars
D:7:      layout_cave_pools, minmay_temple_entry_wispy
D:8:      layout_basic, uniq_gastronok, uniq_psyche
D:9:      layout_basic, serial_bayou, serial_bayou_pond_a, serial_bayou_pond_d,
          serial_bayou_lagoon_a, serial_bayou_crossing, minivault_16,
          minmay_checkerbox
D:10:     layout_gridville, gammafunk_ghost_abyssal_escape
D:11:     layout_rooms, david_lair_generic, uniq_nergalle
Temple:   mainiacjoe_temple_starburst

Skill      XL: |  1  2  3  4  5  6  7  8  9 10 11 |
---------------+----------------------------------+-----
Spellcasting   | 3 4 5 6 8 10 11 | 11.2
Hexes          | 4 5 6 7 8 10 11 | 11.7
Stealth        | 5 6 7 9 12 13 | 13.6
Shields        | 1 2 |  2.4
Dodging        | 4 6 7 |  7.0
Fighting       | 2 3 |  3.9
Short Blades   | 3 4 5 |  5.4

Action                   |  1- 3 |  4- 6 |  7- 9 | 10-12 || total
-------------------------+-------+-------+-------+-------++-------
Melee: Dagger            |   132 |   150 |   279 |   167 ||   728
       Punch             |       |     1 |       |     1 ||     2
 Cast: Ensorcelled Hiber |    10 |    26 |    90 |    56 ||   182
       Tukima's Dance    |       |     7 |    22 |    27 ||    56
       Confusing Touch   |       |     2 |    12 |     5 ||    19
Evoke: Wand              |       |       |     7 |     7 ||    14
  Use: Scroll            |     6 |     8 |     5 |     5 ||    24
       Potion            |     2 |       |     2 |     8 ||    12
 Stab: Sleeping          |    17 |    22 |    56 |    30 ||   125
       Distracted        |     2 |     1 |     1 |     1 ||     5
       Confused          |       |     1 |    16 |     8 ||    25
Armor: Robe              |    22 |    14 |    39 |    33 ||   108
       Steam dragon scal |       |       |       |    20 ||    20
Dodge: Dodged            |   107 |   106 |   157 |   202 ||   572
Block: Buckler           |       |    20 |    42 |       ||    62

Table legend: (Time is in decaauts)
 A = Elapsed time spent in this place.
 B = Non-inter-level travel time spent in this place.
 C = Inter-level travel time spent in this place.
 D = Time resting spent in this place.
 E = Time spent auto-exploring this place.
 F = Levels seen in this place.
 G = Mean time per level.
                   A        B        C        D        E       F      G
               +--------+--------+--------+--------+--------+-----+--------+
         Total |  11040 |  10699 |    341 |   2300 |   6135 |  12 |  920.0 |
       Dungeon |  10701 |  10389 |    312 |   2300 |   5830 |  11 |  972.8 |
        Temple |    338 |    309 |     29 |      0 |    304 |   1 |  338.0 |
               +--------+--------+--------+--------+--------+-----+--------+

Top non-repeatable levels by time:
     D:5: 1509 daAuts
     D:8: 1381 daAuts
     D:6: 1281 daAuts
     D:4: 1184 daAuts
     D:1: 1167 daAuts
     D:9: 1150 daAuts
     D:3: 806 daAuts
     D:7: 722 daAuts
    D:10: 707 daAuts
     D:2: 566 daAuts
  Temple: 338 daAuts
    D:11: 223 daAuts
